 Dungeon Crawl Stone Soup version 0.20-a0-1127-g1289703 (webtiles) character file.

6870 Jookia the Fighter (level 10, -1/94 HPs)
             Began as a Minotaur Fighter on May 18, 2017.
             Was a High Priest of Okawaru.
             Killed from afar by Erica (23 damage)
             ... with an orb of energy
             ... on level 10 of the Dungeon on May 19, 2017.
             The game lasted 00:31:58 (9120 turns).

Jookia the Fighter (Minotaur Fighter)               Turns: 9120, Time: 00:31:59

Health: -1/94      AC: 15    Str: 19 (22) XL:     10   Next: 78%
Magic:  9/9        EV:  8    Int:  4 (6)  God:    Okawaru [*****.]
Gold:   305        SH: 10    Dex: 10 (11) Spells: 9/9 levels left

rFire    + . .     SeeInvis .   a - +0 trident
rCold    . . .     Gourm    +   c - +0 shield
rNeg     . . .     Faith    .   q - +2 chain mail {rF+}
rPois    .         Spirit   .   (helmet restricted)
rElec    .         Reflect  .   y - +0 cloak
rCorr    .         Harm     .   (no gloves)
MR       .....                  w - +0 pair of boots
Stlth    ..........             B - amulet of the gourmand
Regen    0.7/turn               (no ring)
MPRegen  0.2/turn               (no ring)

@: lethally poisoned (-1 -> -4), slowed, very slow
A: retaliatory headbutt, horns 2, regeneration 1, MP-powered wands
a: Heroism, Finesse, Renounce Religion


You were on level 10 of the Dungeon.
You worshipped Okawaru.
Okawaru was extremely pleased with you.
You were not hungry.

You visited 2 branches of the dungeon, and saw 11 of its levels.

You collected 305 gold pieces.

Inventory:

Hand Weapons
 a - a +0 trident (weapon)
 u - the +9 spear of Watchfulness {pain, *Rage *Noise Dex+8 Stlth+}
   (You took it off an orc wizard on level 4 of the Dungeon)

   In the hands of one skilled in necromantic magic, it inflicts extra damage on
   living creatures.
   It affects your dexterity (+8).
   It may make noises in combat.
   It may make you go berserk in combat.
   It makes you more stealthy.
Missiles
 b - 12 poisoned javelins (quivered)
 d - 2 tomahawks
 l - 7 steel javelins
 r - 7 needles of confusion
 x - 18 poisoned needles
Armour
 c - a +0 shield (worn)
 q - a +2 chain mail of fire resistance (worn)
 w - a +0 pair of boots (worn)
 y - a +0 cloak (worn)
Jewellery
 A - the ring "Noerph" {+Inv rF+ Str+2 Int+4, unknown}
   (You found it on level 9 of the Dungeon)

   [ring of protection from fire]

   It affects your strength (+2).
   It affects your intelligence (+4).
   It protects you from fire.
   It lets you turn invisible.
 B - an amulet of the gourmand (around neck)
Wands
 m - a wand of flame (20/48)
 C - a wand of confusion (17/48)
Scrolls
 g - 2 scrolls of enchant weapon
 i - 11 scrolls of remove curse
 j - 9 scrolls of teleportation
 k - 4 scrolls of amnesia
 n - 2 scrolls of immolation
 p - a scroll of identify
 s - 2 scrolls of enchant armour
 t - 2 scrolls of recharging
Potions
 e - 2 potions of mutation
 o - 3 potions of brilliance
Comestibles
 f - 8 bread rations
 h - 5 meat rations
 v - 12 fruits
 z - 5 royal jellies


   Skills:
 + Level 10.5 Fighting
 + Level 10.1 Polearms
 - Level 6.3 Throwing
 + Level 7.3 Armour
 - Level 6.9 Dodging
 + Level 7.4 Shields


You had 9 spell levels left.
You didn't know any spells.

Dungeon Overview and Level Annotations

Branches:
Dungeon (10/15)            Temple (1/1) D:7            Lair (0/6) D:9
    Orc (0/2) D:9

Altars:
Ashenzari
Cheibriados
Dithmenos
Elyvilon
Fedhas
Gozag
Hepliaklqana
Kikubaaqudgha
Makhleb
Nemelex Xobeh
Okawaru
Qazlal
Ru
Sif Muna
Trog
Uskayaw
Vehumet
Wu Jian
Xom
Yredelemnul
Zin
The Shining One

Shops:
D:4 (

Annotations:
D:7 exclusions: electric eel and 2 more exclusions
D:10 Erica


Innate Abilities, Weirdness & Mutations

You reflexively headbutt those who attack you in melee.
You have a pair of horns on your head.
Your natural rate of healing is unusually fast.
You expend magic power (3 MP) to strengthen your wands.


Message History

You feel sick.
You hear some strange, mumbled words.
You are confused.
You completely miss something.
You feel sick.
You hear some strange, mumbled words.
You are more confused.
You feel sick. Something hits you but does no damage.
You feel better. Something hits you but does no damage.
Something hits you but does no damage. Something hits you but does no damage.
You hear some strange, mumbled words.
A bolt of poison appears from out of thin air!
The bolt of poison hits you!
You are poisoned.
* * * LOW HITPOINT WARNING * * *
You feel sick.
You hear some strange, mumbled words.
An orb of energy appears from out of thin air!
The orb of energy hits you!
You die...

# ###########.##
#......@.....#
#.......<....# #.####
#...(........#
......###.............#
.@......#.............#
#.#........>....#
#.#...............
#..............##.
###............#


There were no monsters in sight!

Vanquished Creatures
  A hydra (D:8)
  A centaur warrior (D:7)
  2 two-headed ogres
  Pikel (D:4)
  A komodo dragon (D:9)
  Grinder (D:6)
  2 dream sheep (D:8)
  2 yaks (D:8)
  A hungry ghost (D:8)
  3 orc warriors (D:7)
  4 ice beasts
  2 sky beasts (D:8)
  2 ogres
  4 big kobolds (D:8)
  A bullfrog (D:9)
  A scorpion (D:9)
  5 killer bees
  A howler monkey (D:4)
  2 centaur zombies
  3 crimson imps
  A bullfrog zombie (D:9)
  A centaur skeleton (D:9)
  3 orc priests
  A hound (D:8)
  A jelly (D:5)
  Crazy Yiuf (D:6)
  7 orc wizards
  4 worker ants
  2 hound zombies
  A hound skeleton (D:5)
  A howler monkey zombie (D:8)
  7 adders
  2 howler monkey skeletons
  2 shadow imps
  3 worms
  3 leopard geckos
  21 orcs
  A ball python (D:4)
  4 bats
  7 giant cockroaches
  12 goblins
  5 hobgoblins
  6 jackals
  A quokka (D:7)
  6 frilled lizards
  14 kobolds
  2 quokka skeletons
  8 rats
167 creatures vanquished.

Vanquished Creatures (others)
  A hobgoblin (D:4)
  A plant (D:7)
2 creatures vanquished.

Grand Total: 169 creatures vanquished

Notes
Turn   | Place    | Note
-------+----------+-------------------------------------------
     0 | D:1      | Jookia the Minotaur Fighter began the quest for the Orb.
     0 | D:1      | Reached XP level 1. HP: 19/19 MP: 0/0
   181 | D:1      | Reached XP level 2. HP: 27/27 MP: 1/1
   952 | D:2      | Found a hazy altar of Hepliaklqana.
  1173 | D:2      | Reached XP level 3. HP: 33/33 MP: 2/2
  1794 | D:2      | Found a bloodstained altar of Trog.
  1795 | D:2      | Found a glowing silver altar of Zin.
  2009 | D:3      | Reached XP level 4. HP: 40/40 MP: 3/3
  2050 | D:3      | Found an iron altar of Okawaru.
  2063 | D:3      | Became a worshipper of Warmaster Okawaru
  2846 | D:4      | Found Tiyfu's Antique Weapon Shop.
  2891 | D:4      | Noticed an ogre
  2910 | D:4      | Killed an ogre
  2910 | D:4      | Reached skill level 1 in Throwing
  2910 | D:4      | Reached skill level 1 in Dodging
  2910 | D:4      | Reached XP level 5. HP: 34/47 MP: 4/4
  3112 | D:4      | Got a twisted spear {pain}
  3113 | D:4      | Identified the +9 spear of Watchfulness {pain, *Rage *Noise Dex+8 Stlth+} (You took it off an orc wizard on level 4 of the Dungeon)
  3252 | D:4      | Found a blossoming altar of Fedhas.
  3252 | D:4      | Found an ornate altar of the Wu Jian Council.
  3371 | D:4      | Reached skill level 5 in Fighting
  3371 | D:4      | Reached XP level 6. HP: 42/56 MP: 5/5
  3555 | D:4      | Noticed Pikel
  3555 | D:4      | Noticed a slave
  3555 | D:4      | Noticed a slave
  3555 | D:4      | Noticed a slave
  3556 | D:4      | Noticed a slave
  3569 | D:4      | Killed Pikel
  3569 | D:4      | Reached * piety under Okawaru
  3569 | D:4      | Reached skill level 5 in Polearms
  3569 | D:4      | Reached XP level 7. HP: 30/63 MP: 6/6
  4008 | D:4      | Reached ** piety under Okawaru
  4115 | D:5      | Entered Level 5 of the Dungeon
  4481 | D:5      | Found a radiant altar of Vehumet.
  4488 | D:5      | Found a shadowy altar of Dithmenos.
  4491 | D:5      | Found a snail-covered altar of Cheibriados.
  4565 | D:6      | Found a stormy altar of Qazlal.
  4623 | D:6      | Noticed Grinder
  4655 | D:6      | Killed Grinder
  4655 | D:6      | Reached XP level 8. HP: 41/71 MP: 7/7
  4797 | D:6      | Gained mutation: You expend magic power (3 MP) to strengthen your wands. [potion of mutation]
  4797 | D:6      | Gained mutation: Your natural rate of healing is unusually fast. [potion of mutation]
  4987 | D:6      | Found a runed door.
  5083 | D:6      | Noticed Crazy Yiuf
  5088 | D:6      | Killed Crazy Yiuf
  5174 | D:6      | Reached *** piety under Okawaru
  5174 | D:6      | Reached skill level 5 in Dodging
  5359 | D:7      | Reached skill level 5 in Throwing
  6307 | D:7      | Reached XP level 9. HP: 32/81 MP: 8/8
  6456 | D:7      | HP: 2/81 [electric eel/bolt of electricity (9)]
  6616 | D:7      | Found a staircase to the Ecumenical Temple.
  6626 | Temple   | Entered the Ecumenical Temple
  7250 | D:8      | Paralysed by fainting for 7 turns
  7360 | D:8      | Noticed a centaur warrior
  7377 | D:7      | Reached **** piety under Okawaru
  7392 | D:7      | Killed a centaur warrior
  7392 | D:7      | Received a gift from Okawaru
  7578 | D:8      | Found an iron altar of Okawaru.
  7610 | D:8      | Noticed a two-headed ogre
  7615 | D:8      | Killed a two-headed ogre
  7615 | D:8      | Received a gift from Okawaru
  7615 | D:8      | Reached skill level 5 in Armour
  7615 | D:8      | Reached skill level 5 in Shields
  7677 | D:8      | Reached XP level 10. HP: 91/91 MP: 9/9
  7835 | D:8      | Received a gift from Okawaru
  7873 | D:8      | Noticed a three-headed hydra
  7888 | D:8      | Killed a three-headed hydra
  7888 | D:8      | Reached ***** piety under Okawaru
  7888 | D:8      | Reached skill level 10 in Fighting
  8272 | D:9      | Got a shimmering granite ring
  8573 | D:9      | Found a staircase to the Lair.
  8625 | D:9      | Noticed a two-headed ogre
  8632 | D:9      | Killed a two-headed ogre
  8632 | D:9      | Received a gift from Okawaru
  8632 | D:9      | Reached skill level 10 in Polearms
  8908 | D:9      | Found a staircase to the Orcish Mines.
  9008 | D:10     | Entered Level 10 of the Dungeon
  9082 | D:10     | Noticed Erica
  9120 | D:10     | Killed from afar by Erica

Vault maps used:
D:1:      nicolae_arrival_memento_mori
D:2:      wad_crossroads, lemuel_doored_altar, gammafunk_temple_overflow_statue,
          first_bread, minmay_distorted
D:3:      nicolae_overflow_crystal_walls, supply_closet_lemuel
D:4:      gammafunk_temple_overflow_wave, serial_shops, nicolae_shop_crystal,
          uniq_pikel
D:5:      minmay_overflow_temple_star_quad
D:6:      lemuel_crystal_altar, uniq_crazy_yiuf_cottage, uniq_grinder
D:7:      temple_hall, serial_bayou_lake_a
D:8:      hangedman_ranch, okawaru_ov_weapons_minmay
D:9:      david_lair_shrubbed
D:10:     enter_bailey_3, minivault_12, uniq_erica
Temple:   minmay_temple_forest_path

Skill      XL: |  1  2  3  4  5  6  7  8  9 10 |
---------------+-------------------------------+-----
Armour         | 4 5 7 |  7.3
Shields        | 4 5 7 |  7.4
Fighting       | 4 5 6 7 9 10 | 10.5
Polearms       | 3 4 5 6 7 8 10 | 10.1
Throwing       | 1 2 3 4 5 6 |  6.3
Dodging        | 1 2 3 4 5 6 |  6.9

Action                   |  1- 3 |  4- 6 |  7- 9 | 10-12 || total
-------------------------+-------+-------+-------+-------++-------
Melee: Trident           |   143 |   122 |   320 |   179 ||   764
       Headbutt          |     8 |    21 |    57 |    39 ||   125
Throw: Tomahawk          |       |       |     6 |       ||     6
       Javelin           |       |       |     1 |     2 ||     3
Invok: Heroism           |       |       |     1 |       ||     1
  Use: Potion            |       |     1 |     9 |     2 ||    12
       Scroll            |       |       |    12 |     1 ||    13
 Stab: Distracted        |       |       |     1 |       ||     1
  Eat: Chunk             |     4 |     3 |    18 |     5 ||    30
       Royal jelly       |       |     1 |     3 |       ||     4
       Fruit             |       |       |     5 |       ||     5
Armor: Scale mail        |    45 |    30 |    53 |       ||   128
       Chain mail        |       |       |    51 |    55 ||   106
Dodge: Dodged            |    26 |    17 |    84 |    34 ||   161
Block: Shield            |    49 |    37 |   130 |    63 ||   279
